 Dungeon Crawl Stone Soup version 0.29.0-5-ge4962eb29e (webtiles) character file.

Game seed: 17934953087087291266

105 Zeldest the Trooper (level 4, -3/38 HPs)
             Began as a Mummy Chaos Knight on Aug 29, 2022.
             Was a Believer of Lugonu.
             Killed from afar by Natasha (7 damage)
             ... with a magic dart
             ... on level 2 of the Dungeon.
             The game lasted 00:03:02 (1898 turns).

Zeldest the Trooper (Mummy Chaos Knight)            Turns: 1898, Time: 00:03:02

Health: -3/38      AC:  7    Str: 17    XL:     4   Next: 53%
Magic:  5/5        EV: 11    Int: 11    God:    Lugonu [**....]
Gold:   80         SH:  0    Dex: 11    Spells: 3/3 levels left

rFire   x . .      SeeInvis .   i - +0 hand axe
rCold   + . .      Faith    .   (no shield)
rNeg    + + +      Spirit   .   a - +2 leather armour
rPois   ∞          Reflect  .   g - +0 helmet
rElec   .          Harm     .   (no cloak)
rCorr   +          Rampage  .   h - +0 pair of gloves
Will    .....                   (no boots)
Stlth   +.........              c - amulet of magic regeneration
HPRegen 0.12/turn               e - ring of resist corrosion
MPRegen 0.49/turn               (no ring)

@: no status effects
A: cold resistance 1, negative energy resistance 3, torment resistance 2, heat
vulnerability 1, in touch with death 1, no potions
a: Renounce Religion, Depart the Abyss, Bend Space


You were on level 2 of the Dungeon.
You worshipped Lugonu.
Lugonu was pleased with you.
You visited 1 branch of the dungeon, and saw 3 of its levels.

You collected 80 gold pieces.

Inventory:

Hand Weapons
 i - a +0 hand axe (weapon)
Armour
 a - a +2 leather armour (worn)
 g - a +0 helmet (worn)
 h - a +0 pair of gloves (worn)
Jewellery
 c - an amulet of magic regeneration (around neck)
 e - a ring of resist corrosion (left hand)
Scrolls
 f - a scroll of vulnerability
Miscellaneous
 b - a piece from Xom's chessboard (11/15) (quivered)


   Skills:
 + Level 4.3 Fighting
 * Level 1.3 Axes
 - Level 1.5 Armour
 - Level 0.7 Dodging
 - Level 2.4 Unarmed Combat
 * Level 1.8 Invocations


You had 3 spell levels left.
You didn't know any spells.
Your spell library was empty.

Dungeon Overview and Level Annotations

Branches:
Dungeon (3/15)

Altars:
Lugonu

Shops:
D:3 (

Annotations:
D:2 Natasha, Sigmund


Innate Abilities, Weirdness & Mutations

You are immune to poison.
Your flesh is cold resistant. (rC+)
You are immune to negative energy. (rN+++)
You are immune to unholy pain and torment.
You are vulnerable to heat. (rF-)
You are in touch with the powers of death.
You do not drink.


Message History

The bat misses you. The bat attacks as you move away!
The bat hits you but does no damage. The bat completely misses you.
The bat hits you. The bat hits you but does no damage.
The bat closely misses you. The bat barely misses you.
The bat closely misses you. The bat attacks as you move away!
The bat hits you but does no damage. The bat misses you.
The bat barely misses you.
There is a stone staircase leading up here.
The bat hits you but does no damage.
You climb upwards.
Level annotation: Natasha, Sigmund
There is a stone staircase leading down here.
You barely miss Natasha. Natasha claws you.
* * * LOW HITPOINT WARNING * * *
You hit Natasha.
Natasha is moderately wounded.
Natasha barely misses you.
You closely miss Natasha.
Natasha is moderately wounded.
Natasha closely misses you.
You make a move on Xom's chessboard...
Natasha resists with significant effort.
Natasha misses you.
You make a move on Xom's chessboard...
Natasha seems to grow stronger.
Natasha wildly gestures.
You feel disoriented. Natasha claws you!
* * * LOW HITPOINT WARNING * * *
You make a move on Xom's chessboard...
Natasha twists and deforms.
Natasha claws you but does no damage.
You make a move on Xom's chessboard...
Natasha appears confused.
Natasha closely misses you.
Natasha claws herself!
Natasha seems less confused.
Natasha casts a spell at you. The magic dart hits you!
You die...

#...#.########..........#
#..............#..#####.#
#...#.########.......##.#
##.#### ####.##.##.#
##.#.## #.......# #.....#
####.#### ##.#.###########
#.# ###.# #.....<.#####.##
#### #.# #....@.........#
...#####.###........####..#
..!##....#..........####..#
)..##.####.#........##....#
##.##.# ##.#h.......##!##.#
#.##.###...!.......##.##.#
#...>......#######.......#
####.###...# ####.####
##.################.#


You could see Natasha (strong, misshapen).

Vanquished Creatures
  Natasha (D:2)
  3 adders
  A worm (D:2)
  A dart slug (D:2)
  2 bats
  4 endoplasms (D:1)
  5 giant cockroaches (D:1)
  4 hobgoblins (D:1)
  6 jackals
  A quokka (D:1)
  3 ball pythons
  4 goblins
  3 kobolds (D:1)
  9 rats
47 creatures vanquished.

Notes
Turn   | Place    | Note
-------+----------+-------------------------------------------
     0 | D:1      | Zeldest the Mummy Chaos Knight began the quest for the Orb.
     0 | D:1      | Reached XP level 1. HP: 18/18 MP: 1/1
    14 | D:1      | XOM: potion effect (brilliance)
   143 | D:1      | Reached XP level 2. HP: 17/24 MP: 2/2
   155 | D:1      | XOM: divination: detect items
   233 | D:1      | XOM: enchant monster (bad)
   275 | D:1      | XOM: cloud trail
   296 | D:1      | XOM: 1-stop teleportation journey
   480 | D:1      | Found a faded altar of an unknown god.
   512 | D:1      | Reached skill level 4 in Fighting
   543 | D:1      | Prayed at the altar of an unknown god.
   543 | D:1      | Fell from the grace of Xom
   543 | D:1      | Became a worshipper of Lugonu the Unformed
   543 | D:1      | Reached * piety under Lugonu
   543 | D:1      | Reached ** piety under Lugonu
   626 | D:1      | Gained mutation: You are in touch with the powers of death.
                  | [Mummy growth]
   626 | D:1      | Reached XP level 3. HP: 28/30 MP: 3/3
  1241 | D:2      | Reached skill level 1 in Invocations
  1463 | D:2      | Noticed Natasha
  1476 | D:2      | Killed Natasha
  1477 | D:2      | Reached skill level 1 in Axes
  1477 | D:2      | Reached XP level 4. HP: 21/37 MP: 3/5
  1663 | D:2      | XOM: summons 2 hostile demons
  1744 | D:2      | XOM: noise
  1765 | D:2      | Noticed Natasha
  1767 | D:2      | Noticed Sigmund
  1788 | D:3      | XOM: 2-stop teleportation journey
  1789 | D:3      | Found Holis's Antique Weapon Emporium.
  1814 | D:3      | XOM: 2-stop teleportation journey
  1840 | D:3      | XOM: 1-stop teleportation journey
  1898 | D:2      | Killed from afar by Natasha

Illustrated notes

Levels and vault maps discovered:
D:1:      scummos_arrival_hexagon, layout_basic,
          shapermc_ecumenical_altar_ellora, minmay_tromino_v4_a
D:2:      layout_loops_cross, uniq_sigmund, uniq_natasha
D:3:      layout_rooms, serial_shops, nicolae_diamond_shop

Skill      XL: |  1  2  3 |
---------------+----------+-----
Fighting       | 4 |  4.3
Invocations    | 1 |  1.8
Axes           | 1 |  1.3
Armour         | |  1.5
Dodging        | |  0.7
Unarmed Combat | |  2.4

Action                   |  1- 3 |  4- 6 || total
-------------------------+-------+-------++-------
Melee: Unarmed           |   189 |       ||   189
       Punch             |     6 |     1 ||     7
       Hand axe          |       |    49 ||    49
Invok: Bend Space        |       |     1 ||     1
Evoke: Piece from Xom's  |       |     4 ||     4
  Use: Scroll            |       |     2 ||     2
Armor: Leather armour    |    69 |    31 ||   100
Dodge: Dodged            |   107 |    83 ||   190
